Zazza, neutral female human Tourist -.--------- |.... ..@f......| |.ZZ%...... |.Z.......| |.........| |.......... -+-----.--- Zazza the Rambler Experience level: 1 Strength: 12 Dexterity: 9 Constitution: 18 Intelligence: 13 Wisdom: 9 Charisma: 18 Health: 0(11) Energy: 2(2) Def: 2 Gold: 1153 Moves: 1837 Dungeon seed: 3wFudKzpS373GLG8 Game ID: Zazza_1606748967 Your Inventory: Coins $ - 1153 gold pieces Weapons a - 21 +2 darts (in quiver) A - a +0 sling E - a +0 orcish dagger Armor e - an uncursed +0 Hawaiian shirt (being worn) z - an uncursed +0 pair of high boots (being worn) N - an uncursed +0 orcish helm Y - an uncursed +0 orcish helm Comestibles c - an uncursed tripe ration d - 6 uncursed food rations i - an uncursed orange Scrolls l - 3 uncursed scrolls of magic mapping s - an uncursed scroll of remove curse w - an uncursed scroll of identify y - an uncursed scroll of scare monster Spellbooks o - an uncursed spellbook of detect food x - an uncursed spellbook of invisibility B - an uncursed spellbook of detect treasure Potions j - an uncursed potion of extra healing k - a blessed potion of extra healing p - a cursed potion of gain ability u - an uncursed potion of monster detection C - an uncursed potion of levitation Tools m - an expensive camera (0:63) n - an uncursed credit card r - an uncursed large box Gems q - an uncursed jet stone Spells and supernatural/magical abilities: Name Level Category Fail Memory E - detect food 2 divination 100% 98% W - pray for help -- divine ? -- Your skills at the end: Fighting Skills Weapon Skills dart [Basic] Spellcasting Skills Final Attributes: You were nominally aligned. You are dead. Vanquished creatures: an orc zombie a hobbit a large kobold a giant rat a gnome zombie 2 geckos 4 jackals a fox 2 goblins 8 grid bugs a bat 2 lichens 2 kobold zombies 5 newts 32 creatures vanquished. Voluntary challenges: You never hit with a wielded weapon. You read items or engraved 7 times, starting on turn 860. You never genocided any monsters. You never polymorphed an object. You never changed form. You used no wishes. You never split a pudding. You never wrote Elbereth's name. You never violated your personal moral code. Dungeon overview: The Dungeons of Doom: levels 1 to 5 Level 1 a fountain, a sink a long staircase Level 2 a fountain, a sink stairs to The Gnomish Mines Level 3 a general store, a fountain Level 4 a fountain Level 5 <- You were here The Gnomish Mines: Level 3 stairs to The Dungeons of Doom History has recorded: On T:1 you entered the Dungeons of Doom to retrieve the Amulet of Yendor! On T:502 you reached level 2 of The Dungeons of Doom. On T:631 you reached level 1 of The Gnomish Mines. On T:810 you reached level 3 of The Dungeons of Doom. On T:1262 you reached level 4 of The Dungeons of Doom. On T:1833 you reached level 5 of The Dungeons of Doom. Score breakdown: Gold: 683 ( 9643 points) Experience: 1 level ( 0 points) Exploration: 5 levels ( 10.00%) ( 8571 points) Discoveries: 3 items ( 1.01%) ( 3010 points) Valuables value: (no points given unless you survive) Artifact value: 0 ( 0 points) Variety of kills: 14 monsters ( 3.67%) ( 5750 points) Turncount: 1837 turns ( 0 points) Survival: died (score multiplied by 80%) Total score: 21579 Latest messages: You displace Armand. (2x) The door opens. You displace Armand. You fall down the stairs. You have a little trouble lifting $ - 57 gold pieces. Armand bites the orc zombie. The orc zombie misses Armand. Armand misses the orc zombie. You stop. Armand is in the way! Armand misses the orc zombie. The orc zombie hits! Armand bites the orc zombie. The orc zombie is destroyed! The orc zombie just misses! You begin praying to The Lady. Armand bites the orc zombie. The orc zombie misses Armand. Armand misses the orc zombie. (2x) The orc zombie hits! You die... The large box is empty. Final status: Aloha Zazza the Tourist, killed by an orc zombie, while praying... You died in The Dungeons of Doom on dungeon level 5 with 21579 points, and 1153 pieces of gold, after 1837 moves. You were level 1 with a maximum of 11 hit points when you died.